 Dungeon Crawl Stone Soup version 0.19.4-8-ga85b6b9 (webtiles) character file.

14130 Ponchio the Nimble (level 11, -16/54 HPs)
             Began as a Deep Elf Fire Elementalist on Feb 11, 2017.
             Was a High Priest of Vehumet.
             Demolished by a two-headed ogre
             ... wielding a +0 giant club
              (24 damage)
             ... on level 2 of the Orcish Mines.
             The game lasted 02:19:02 (13199 turns).

Ponchio the Nimble (Deep Elf Fire Elementalist)    Turns: 13199, Time: 02:19:02

Health: -16/54     AC:  4    Str:  5    XL:     11   Next: 84%
Magic:  27/27      EV: 20    Int: 26    God:    Vehumet [*****.]
Gold:   574        SH:  0    Dex: 15    Spells: 4 memorised, 19 levels left

rFire  . . .     SeeInvis .     D - +6 arbalest "Damnation" {damnation}
rCold  . . .     Gourm    .     a - +1 robe
rNeg   . . .     Faith    .     (shield currently unavailable)
rPois  .         Spirit   .     (helmet restricted)
rElec  .         Reflect  .     L - +0 cloak
rCorr  .         Harm     .     (no gloves)
MR     +....                    (no boots)
Stlth  ++........               (no amulet)
                                (no ring)
                                (no ring)

@: no status effects
A: horns 1, clever 1
a: Renounce Religion


You were on level 2 of the Orcish Mines.
You worshipped Vehumet.
Vehumet was extremely pleased with you.
You were not hungry.

You visited 3 branches of the dungeon, and saw 13 of its levels.

You collected 649 gold pieces.
You spent 75 gold pieces at shops.

Inventory:

Hand Weapons
 D - the +6 arbalest "Damnation" (weapon) {damnation}
   (You found it on level 6 of the Dungeon)
 H - a +0 dagger of draining
Missiles
 G - 120 bolts (quivered)
Armour
 a - a +1 robe (worn)
 L - a +0 cloak (worn)
Magical Staves
 F - an uncursed staff of wizardry
Jewellery
 C - an uncursed ring of teleportation
Wands
 j - a wand of confusion (16/48)
 z - a wand of acid (4/15)
 K - a wand of lightning (2/15)
 M - a wand of disintegration (24/24)
 O - a wand of random effects (21/48)
 T - a wand of enslavement (7/24)
 U - a wand of flame (16/48)
Scrolls
 e - a scroll of noise {unknown}
 h - 3 scrolls of enchant armour
 i - 5 scrolls of remove curse
 m - a scroll of blinking {unknown}
 n - 3 scrolls of recharging
 p - a scroll of fog
 s - a scroll of fear {unknown}
 u - a scroll of magic mapping {unknown}
 y - a scroll of amnesia
 I - a scroll of enchant weapon
 P - 2 scrolls of teleportation
 S - a scroll of brand weapon {unknown}
Potions
 d - a potion of heal wounds
 f - 2 potions of cure mutation
 k - 4 potions of haste
 q - 3 potions of lignification
 r - 4 potions of curing
 t - a potion of might
 w - 3 potions of brilliance
 x - a potion of cancellation
 B - a potion of berserk rage
 E - a potion of resistance {unknown}
 J - a potion of flight {unknown}
 Q - a potion of agility {unknown}
Books
 b - a book of Flames

   Spells                             Type                      Level
   a - Flame Tongue                   Conjuration/Fire             1
   b - Throw Flame                    Conjuration/Fire             2
   c - Conjure Flame                  Conjuration/Fire             3
   d - Inner Flame                    Hexes/Fire                   3
   e - Sticky Flame                   Conjuration/Fire             4
   f - Fireball                       Conjuration/Fire             5
 N - a book of Changes

   Spells                             Type                      Level
   a - Beastly Appendage              Transmutation                1
   b - Sticks to Snakes               Transmutation                2
   c - Spider Form                    Transmutation/Poison         3
   d - Ice Form                       Ice/Transmutation            4
   e - Blade Hands                    Transmutation                5
Comestibles
 c - 8 bread rations
 g - 9 slices of pizza
 l - 3 royal jellies
 o - 2 fruits
 v - 2 chunks of flesh
 A - 5 meat rations


   Skills:
 - Level 11.0 Dodging
 - Level 2.4 Stealth
 - Level 10.0 Spellcasting
 - Level 9.0 Conjurations
 - Level 8.7 Fire Magic
 + Level 7.9 Air Magic
 + Level 8.3 Poison Magic


You had 19 spell levels left.
You knew the following spells:

 Your Spells              Type           Power        Failure   Level  Hunger
a - Flame Tongue          Conj/Fire      #####        1%          1    None
b - Throw Flame           Conj/Fire      ######       1%          2    None
c - Fireball              Conj/Fire      ######....   1%          5    ####...
d - Mephitic Cloud        Conj/Pois/Air  ######..     1%          3    None


Dungeon Overview and Level Annotations

Branches:
Dungeon (10/15)            Temple (1/1) D:5             Orc (2/2) D:10
   Lair: D:8-11         Elf: Orc:2

Altars:
Ashenzari
Cheibriados
Dithmenos
Elyvilon
Fedhas
Gozag
Hepliaklqana
Kikubaaqudgha
Makhleb
Nemelex Xobeh
Okawaru
Qazlal
Ru
Sif Muna
Trog
Uskayaw
Vehumet
Xom
Yredelemnul
Zin
The Shining One

Shops:
D:6 *


Innate Abilities, Weirdness & Mutations

You have a pair of small horns on your head.
Your mind is acute. (Int +2)


Message History

Magic restored.
There is a stone staircase leading down here.
Okay, then.
Okay, then.
Okay, then.
Okay, then.
You climb downwards.
The ettin closely misses you. The ettin hits you with a dire flail!
The two-headed ogre misses you.
The two-headed ogre hits you with a giant club!
The ettin hits you with a dire flail!!
* * * LOW HITPOINT WARNING * * *
The ettin closely misses you.
There is a stone staircase leading up, spattered with blood here.
You feel much better.
The two-headed ogre hits you with a giant club!
* * * LOW HITPOINT WARNING * * *
The two-headed ogre completely misses you.
The ettin completely misses you. The ettin barely misses you.
The two-headed ogre hits you with a giant club!!
You die...

............)..)......
............$.........
..........[)).........
..........)†).........
.........)))..[.......
..........))..<[......
#..$$..........)......
........$.OOC...).....
..##......@..[).......
. #...........)......
....................
....................
................#.#.
.#................
#.#.....#......#.
.......#.#....##


You could see an ettin, a two-headed ogre and an ogre.

Vanquished Creatures
  An ogre mage (Orc:2)
  The ghost of Angani the Martial Artist, a novice OpTm of Qazlal (D:7)
  A hill giant (D:10)
  Pikel (D:8)
  Maurice (D:8)
  Psyche (D:7)
  A gargoyle (D:10)
  7 two-headed ogres
  2 trolls
  2 hippogriffs
  A vampire (D:9)
  A wraith (D:10)
  Grum (D:9)
  9 yaks
  A hungry ghost (D:9)
  A mottled dragon (D:6)
  A water moccasin (D:8)
  11 orc warriors
  2 slaves (D:8)
  2 eyes of draining (D:9)
  2 ice beasts
  2 sky beasts
  3 necrophages
  3 phantoms (D:7)
  2 wolves (D:9)
  19 ogres
  2 centaurs
  6 big kobolds
  8 bullfrogs
  A gnoll sergeant (D:10)
  A wyvern zombie (D:7)
  5 scorpions
  12 wights
  5 howler monkeys (D:9)
  2 hounds
  2 orc priests
  10 orc wizards
  3 jellies
  2 centaur skeletons
  An iguana (D:10)
  Natasha (thrice) (D:2)
  11 worker ants
  A howler monkey skeleton (D:9)
  15 gnolls
  8 adders
  2 oozes
  An adder skeleton (D:8)
  2 adder zombies (D:5)
  A worm (D:9)
  9 dart slugs (D:3)
  6 leopard geckos
  33 orcs
  A ball python (D:2)
  7 bats
  6 giant cockroaches
  A goblin (D:1)
  5 hobgoblins
  19 jackals
  5 quokkas
  A frilled lizard (D:3)
  21 kobolds
  A leopard gecko skeleton (D:5)
  A quokka skeleton (D:9)
  10 rats
309 creatures vanquished.

Vanquished Creatures (others)
  2 slaves (D:8)
2 creatures vanquished.

Grand Total: 311 creatures vanquished

Notes
Turn   | Place    | Note
-------+----------+-------------------------------------------
     0 | D:1      | Ponchio the Deep Elf Fire Elementalist began the quest for the Orb.
     0 | D:1      | Reached XP level 1. HP: 10/10 MP: 6/6
   196 | D:1      | Reached XP level 2. HP: 15/15 MP: 5/8
  1086 | D:2      | Reached XP level 3. HP: 19/19 MP: 8/10
  1101 | D:2      | Noticed Natasha
  1111 | D:2      | Killed Natasha
  1306 | D:2      | Noticed Natasha
  1312 | D:2      | Killed Natasha
  1312 | D:2      | Reached XP level 4. HP: 24/24 MP: 7/12
  1473 | D:2      | Noticed Natasha
  1477 | D:2      | Killed Natasha
  1477 | D:2      | Reached XP level 5. HP: 19/28 MP: 9/13
  1764 | D:2      | Gained mutation: Your mind is acute. (Int +2) [potion of beneficial mutation]
  1765 | D:2      | Gained mutation: You have a pair of small horns on your head. [potion of beneficial mutation]
  1769 | D:2      | Learned a level 2 spell: Throw Flame
  2333 | D:3      | Found a radiant altar of Vehumet.
  2378 | D:3      | Became a worshipper of Vehumet
  2484 | D:3      | Found a stormy altar of Qazlal.
  2485 | D:3      | Noticed a fire elemental
  2485 | D:3      | Noticed a water elemental
  2485 | D:3      | Noticed an air elemental
  3429 | D:4      | Found a white marble altar of Elyvilon.
  3437 | D:4      | Reached skill level 5 in Spellcasting
  3437 | D:4      | Reached skill level 5 in Fire Magic
  3437 | D:4      | Reached XP level 6. HP: 31/32 MP: 9/15
  3966 | D:4      | Reached * piety under Vehumet
  3966 | D:4      | Offered knowledge of Sandblast by Vehumet.
  3976 | D:4      | Reached skill level 5 in Conjurations
  4147 | D:5      | Entered Level 5 of the Dungeon
  4528 | D:5      | Reached XP level 7. HP: 36/36 MP: 12/17
  4623 | D:5      | Found a blossoming altar of Fedhas.
  4625 | D:5      | Found a shimmering altar of Xom.
  4718 | D:5      | Found a staircase to the Ecumenical Temple.
  4730 | Temple   | Entered the Ecumenical Temple
  5652 | D:5      | Learned a level 5 spell: Fireball
  6044 | D:6      | Found Tewacar's Assorted Antiques.
  6063 | D:6      | Bought a potion of curing for 75 gold pieces
  6192 | D:6      | Reached skill level 3 in Dodging
  6192 | D:6      | Reached XP level 8. HP: 41/41 MP: 10/20
  6278 | D:6      | Reached skill level 4 in Dodging
  6597 | D:6      | Reached skill level 5 in Dodging
  6605 | D:6      | Reached skill level 6 in Dodging
  6986 | D:7      | Noticed a hippogriff
  6992 | D:7      | Killed a hippogriff
  6992 | D:7      | Reached skill level 7 in Dodging
  7092 | D:6      | Reached skill level 8 in Dodging
  7217 | D:7      | Reached ** piety under Vehumet
  7293 | D:7      | Offered knowledge of Magic Dart by Vehumet.
  7358 | D:7      | Noticed Angani's ghost (novice OpTm)
  7361 | D:7      | Reached skill level 9 in Dodging
  7657 | D:7      | Reached XP level 9. HP: 45/45 MP: 21/21
  7662 | D:7      | Killed Angani's ghost
  7662 | D:7      | Reached skill level 10 in Dodging
  7824 | D:7      | Reached skill level 11 in Dodging
  8118 | D:8      | Noticed Maurice
  8386 | D:8      | Killed Maurice
  8469 | D:8      | Noticed Psyche
  8616 | D:7      | Killed Psyche
  8767 | D:8      | Noticed Pikel
  8768 | D:8      | Killed Pikel
  8768 | D:8      | Reached XP level 10. HP: 49/49 MP: 24/24
  9279 | D:8      | Offered knowledge of Mephitic Cloud by Vehumet.
  9290 | D:7      | Learned a level 3 spell: Mephitic Cloud
  9562 | D:8      | Found a glowing golden altar of the Shining One.
  9562 | D:8      | Found an opulent altar of Gozag.
  9563 | D:8      | Found an iron altar of Okawaru.
  9607 | D:8      | Reached skill level 1 in Air Magic
  9782 | D:9      | Found a white marble altar of Elyvilon.
  9924 | D:9      | Reached skill level 1 in Poison Magic
  9986 | D:9      | Reached *** piety under Vehumet
 10077 | D:9      | Found a basalt altar of Yredelemnul.
 10371 | D:9      | Offered knowledge of Iskenderun's Mystic Blast by Vehumet.
 10514 | D:9      | Noticed Grum
 10514 | D:9      | Killed Grum
 10892 | D:9      | Found a glowing silver altar of Zin.
 10993 | D:9      | Found a snail-covered altar of Cheibriados.
 11321 | D:10     | Entered Level 10 of the Dungeon
 11321 | D:10     | Noticed a gargoyle
 11439 | D:10     | Killed a gargoyle
 11442 | D:10     | Reached XP level 11. HP: 34/53 MP: 10/26
 11809 | D:10     | Noticed a hill giant
 11812 | D:10     | Killed a hill giant
 11826 | D:10     | Reached **** piety under Vehumet
 11826 | D:10     | Reached skill level 10 in Spellcasting
 12146 | D:10     | Reached skill level 5 in Poison Magic
 12198 | D:10     | Reached skill level 5 in Air Magic
 12496 | D:10     | Found a staircase to the Orcish Mines.
 12498 | D:10     | Offered knowledge of Force Lance by Vehumet.
 12827 | Orc:1    | Entered Level 1 of the Orcish Mines
 12999 | Orc:2    | Entered Level 2 of the Orcish Mines
 13029 | Orc:2    | Reached ***** piety under Vehumet
 13031 | Orc:2    | Offered knowledge of Conjure Ball Lightning by Vehumet.
 13032 | Orc:2    | Noticed an ogre mage
 13035 | Orc:2    | Killed an ogre mage
 13052 | Orc:2    | Noticed an ettin
 13199 | Orc:2    | Demolished by a two-headed ogre

Skill      XL: |  1  2  3  4  5  6  7  8  9 10 11 |
---------------+----------------------------------+-----
Conjurations   | 2 3 4 5 6 7 8 9 |  9.0
Fire Magic     | 4 5 6 7 8 |  8.7
Spellcasting   | 4 5 7 8 9 10 | 10.0
Dodging        | 3 9 11 | 11.0
Air Magic      | 4 7 |  7.9
Poison Magic   | 4 8 |  8.3
Stealth        | |  2.4

Action                   |  1- 3 |  4- 6 |  7- 9 | 10-12 || total
-------------------------+-------+-------+-------+-------++-------
Melee: Unarmed           |     1 |       |       |       ||     1
       Dagger            |       |     2 |       |    56 ||    58
       Headbutt          |       |       |       |     7 ||     7
       Arbalest          |       |       |       |     1 ||     1
 Fire: Arbalest          |       |       |    13 |    41 ||    54
 Cast: Flame Tongue      |    50 |    57 |   100 |   220 ||   427
       Throw Flame       |       |    68 |    75 |    47 ||   190
       Fireball          |       |       |     8 |    20 ||    28
       Mephitic Cloud    |       |       |       |    23 ||    23
  Use: Scroll            |       |    10 |     1 |    11 ||    22
       Potion            |       |     2 |     2 |     3 ||     7
  Eat: Chunk             |     1 |     8 |     7 |    19 ||    35
       Fruit             |       |     2 |     6 |       ||     8
       Beef jerky        |       |       |     1 |       ||     1
Armor: Robe              |     3 |     4 |    16 |    24 ||    47
Dodge: Dodged            |    16 |    11 |    79 |   150 ||   256
